 Dungeon Crawl Stone Soup version 0.29.1-2-gbd0b4ee654 (webtiles) character file.

Game seed: 14144048381144527347

49 DildoBatman the Conjurer (level 4, 0/30 HPs)
             Began as a Formicid Conjurer on Nov 11, 2022.
             Slain by a kobold
             ... wielding a +0 short sword
              (2 damage)
             ... on level 2 of the Dungeon.
             The game lasted 00:02:42 (994 turns).

DildoBatman the Conjurer (Formicid Conjurer)         Turns: 994, Time: 00:02:42

Health: 0/30       AC:  2    Str: 12    XL:     4   Next: 1%
Magic:  6/7        EV: 12    Int: 17    God:
Gold:   35         SH:  0    Dex: 14    Spells: 4/7 levels left

rFire   . . .      SeeInvis +   d - +0 dagger
rCold   . . .      Faith    .   (no shield)
rNeg    . . .      Spirit   .   a - +0 robe
rPois   .          Reflect  .   (helmet unavailable)
rElec   .          Harm     +   k - scarf {harm}
rCorr   .          Rampage  .   (no gloves)
Will    .....                   (no boots)
Stlth   ++........              (no amulet)
HPRegen 0.10/turn               g - ring of wizardry
MPRegen 0.10/turn               (no ring)

@: no status effects
A: permanent stasis, dig shafts and tunnels, antennae 3, four strong arms
a: Dig, Shaft Self


You were on level 2 of the Dungeon.
You visited 1 branch of the dungeon, and saw 2 of its levels.

You collected 35 gold pieces.

Inventory:

Hand Weapons
 d - a +0 dagger (weapon)
Missiles
 c - 18 stones
 j - 5 poisoned darts
Armour
 a - a +0 robe (worn)
 k - a scarf of harm (worn)
 m - a +2 kite shield of fire resistance
Jewellery
 g - a ring of wizardry (left hand)
Scrolls
 e - a scroll of noise {unknown}
 l - a scroll of fear {unknown}
 n - 3 scrolls of identify {unknown}
Potions
 b - a potion of magic
 f - a potion of degeneration {unknown}
 h - a potion of brilliance {unknown}
 i - 2 potions of ambrosia {unknown}


   Skills:
 - Level 1.7 Dodging
 - Level 2.4 Stealth
 * Level 0.1 Shields
 - Level 2.1 Spellcasting
 * Level 4.8 Conjurations


You had 4 spell levels left.
You knew the following spells:

 Your Spells              Type           Power      Damage    Failure   Level
a - Searing Ray           Conj           36%        2d5       1%          2
c - Magic Dart            Conj           72%        1d6       1%          1

Your spell library contained the following spells:

 Spells                   Type           Power      Damage    Failure   Level
 Dazzling Flash           Conj/Hex       20%        N/A       9%          3
 Call Imp                 Summ           1%         N/A       12%         2
 Mephitic Cloud           Conj/Pois/Air  7%         N/A       12%         3
 Fulminant Prism          Conj/Hex       5%         3d7       26%         4
 Iskenderun's Mystic Bla  Conj/Tloc      10%        2d4       26%         4


Dungeon Overview and Level Annotations

Branches:
Dungeon (2/15)

Altars:


Innate Abilities, Weirdness & Mutations

You cannot be hasted, slowed, berserked, paralysed or teleported.
You can dig through walls and to a lower floor.
You have a pair of large antennae on your head. (SInv)
Your four strong arms can wield two-handed weapons with a shield.


Message History

t - Shout!
Orders for allies: a - Attack new target. r - Retreat! s - Stop attacking. g - Guard the area. f - Follow me.
Anything else - Cancel.
You shout for attention!
The kobold hits you with a +0 short sword.
What are your orders? t - Shout!
Orders for allies: a - Attack new target. r - Retreat! s - Stop attacking. g - Guard the area. f - Follow me.
Anything else - Cancel.
You shout for attention!
The kobold misses you. What are your orders? t - Shout!
Orders for allies: a - Attack new target. r - Retreat! s - Stop attacking. g - Guard the area. f - Follow me.
Anything else - Cancel.
You shout for attention!
The kobold barely misses you. What are your orders? t - Shout!
Orders for allies: a - Attack new target. r - Retreat! s - Stop attacking. g - Guard the area. f - Follow me.
Anything else - Cancel.
You shout for attention!
The kobold hits you with a +0 short sword.
What are your orders? t - Shout!
Orders for allies: a - Attack new target. r - Retreat! s - Stop attacking. g - Guard the area. f - Follow me.
Anything else - Cancel.
You shout for attention!
The kobold hits you with a +0 short sword.
You die...

.# #.# ##+# #.##
##...# ...
##$....## #.#
#(......## ##.##
.........####...##
......K@.†.......#
.......$.####...##
#.>.....## ##...#
##.....## ###.#
##...# #.# ##+#
#.# #.# #.# #.#
#########.# ####
##.###.........#


You could see a kobold.

Vanquished Creatures
  3 dart slugs
  4 endoplasms (D:1)
  2 giant cockroaches (D:1)
  4 goblins (D:1)
  5 hobgoblins
  4 jackals (D:1)
  3 kobolds (D:1)
  A quokka (D:1)
  3 ball pythons (D:1)
  A bat (D:1)
  8 rats (D:1)
38 creatures vanquished.

Notes
Turn   | Place    | Note
-------+----------+-------------------------------------------
     0 | D:1      | DildoBatman the Formicid Conjurer began the quest for the
                  | Orb.
     0 | D:1      | Reached XP level 1. HP: 13/13 MP: 3/3
   155 | D:1      | Reached XP level 2. HP: 19/19 MP: 0/5
   163 | D:1      | Learned a level 2 spell: Searing Ray
   172 | D:1      | Reached skill level 4 in Conjurations
   316 | D:1      | Reached XP level 3. HP: 21/24 MP: 1/6
   968 | D:2      | Reached XP level 4. HP: 26/30 MP: 4/7
   994 | D:2      | Slain by a kobold

Illustrated notes

Levels and vault maps discovered:
D:1:      dpeg_arrival_ratfight, layout_loops_ring
D:2:      layout_loops_corners, grunt_ministairs_8,
          chequers_serial_rivers_large_b

Skill      XL: |  1  2 |
---------------+-------+-----
Conjurations   | 4 |  4.8
Dodging        | |  1.7
Stealth        | |  2.4
Shields        | |  0.1
Spellcasting   | |  2.1

Action                   |  1- 3 |  4- 6 || total
-------------------------+-------+-------++-------
Melee: Dagger            |    52 |       ||    52
 Cast: Magic Dart        |    37 |       ||    37
       Searing Ray       |     5 |       ||     5
Armor: Robe              |    12 |     4 ||    16
Dodge: Dodged            |    48 |    10 ||    58
